 Dungeon Crawl Stone Soup version 0.22.1-7-g5c428e7 (webtiles) character file.

13689 Moar the Covert (level 11, -1/50 HPs)
             Began as a Spriggan Enchanter on Feb 24, 2019.
             Was an Initiate of Gozag.
             Hit by a large rock thrown by a cyclops (11 damage)
             ... on level 12 of the Dungeon.
             The game lasted 01:02:30 (16593 turns).

Moar the Covert (Spriggan Enchanter)               Turns: 16593, Time: 01:02:32

Health: -1/50      AC:  5    Str:  7    XL:     11   Next: 78%
Magic:  21/25      EV: 19    Int: 17    God:    Gozag
Gold:   1409       SH:  8    Dex: 17    Spells: 17/28 levels left

rFire    . . .     SeeInvis +   a - +8 short sword
rCold    . . .     Gourm    .   D - +0 buckler
rNeg     . . .     Faith    .   E - +2 robe {MR+}
rPois    .         Spirit   .   u - +0 hat
rElec    .         Reflect  .   o - +0 cloak {MR+}
rCorr    .         Harm     .   (gloves unavailable)
MR       ++++.                  (boots unavailable)
Stlth    ++++++....             (no amulet)
HPRegen  0.16/turn              C - ring of stealth
MPRegen  0.19/turn              (no ring)

@: gold aura, very quick
A: very small, unfitting armour, antennae 1, see invisible, herbivore, speed 3,
magic resistance 1, slow metabolism 2
a: Potion Petition, Call Merchant, Bribe Branch, Renounce Religion


You were on level 12 of the Dungeon.
You worshipped Gozag.
Gozag was most pleased with you.
You were not hungry.

You visited 2 branches of the dungeon, and saw 13 of its levels.

You collected 1675 gold pieces.
You spent 149 gold pieces at shops.
You paid 117 gold pieces to Gozag.

Inventory:

Hand Weapons
 a - a +8 short sword (weapon)
 b - a +0 war axe of electrocution
 z - a +0 blowgun
 B - a +3 trident
 G - a +1 dagger
 I - a +2 dagger of speed
 M - a +3 war axe of freezing
Missiles
 h - 4 throwing nets
 k - 297 stones
 n - 6 tomahawks (quivered)
 A - 26 poisoned needles
Armour
 o - a +0 cloak of magic resistance (worn)
 u - a +0 hat (worn)
 y - a +0 robe
 D - a +0 buckler (worn)
 E - a +2 robe of magic resistance (worn)
 H - a +1 animal skin
Jewellery
 C - a ring of stealth (left hand)
Wands
 q - a wand of iceblast (19)
 J - a wand of acid (7)
Scrolls
 c - 6 scrolls of teleportation
 e - 5 scrolls of identify
 j - 7 scrolls of remove curse
 l - 2 scrolls of immolation
 p - a scroll of fog
Potions
 f - 2 potions of resistance {unknown}
 g - 2 potions of heal wounds
 i - 5 potions of curing
 m - a potion of might {unknown}
 s - a potion of cancellation
 t - 2 potions of agility {unknown}
 w - a potion of haste {unknown}
 x - a potion of berserk rage {unknown}
Miscellaneous
 r - a lightning rod (4/4)
 F - a box of beasts
 K - a lamp of fire
Comestibles
 d - 16 rations


   Skills:
 + Level 2.3 Fighting
 + Level 7.5 Short Blades
 + Level 3.6 Dodging
 + Level 10.9 Stealth
 - Level 7.2 Shields
 + Level 9.4 Spellcasting
 * Level 3.0 Conjurations
 - Level 9.4 Hexes
 * Level 3.5 Fire Magic
 - Level 4.0 Ice Magic
 * Level 2.8 Evocations


You had 17 spell levels left.
You knew the following spells:

 Your Spells              Type           Power        Failure   Level  Hunger
a - Apportation           Tloc           #.....       9%          1    None
b - Ensorcelled Hibernat  Hex/Ice        ####..       1%          2    None
c - Confuse               Hex            #####...     1%          3    None
d - Conjure Flame         Conj/Fire      ###.....     7%          3    None
e - Poisonous Vapours     Pois/Air       #.....       14%         2    None

Your spell library contained the following spells:

 Spells                   Type           Power        Failure   Level  Hunger
 Confusing Touch          Hex            #####.       1%          1    None
 Corona                   Hex            #####..      1%          1    None
 Dazzling Spray           Conj/Hex       ####..       1%          3    None
 Inner Flame              Hex/Fire       ####....     1%          3    None
 Tukima's Dance           Hex            #####...     1%          3    None
 Flame Tongue             Conj/Fire      ###..        2%          1    None
 Throw Flame              Conj/Fire      ###...       3%          2    None
 Sting                    Conj/Pois      ##..         4%          1    None
 Animate Skeleton         Necr           N/A          9%          1    None
 Summon Small Mammal      Summ           #...         9%          1    None
 Mephitic Cloud           Conj/Pois/Air  ##......     19%         3    None
 Sticky Flame             Conj/Fire      ###.....     22%         4    ###....
 Fireball                 Conj/Fire      ###.......   54%         5    #####..
 Olgreb's Toxic Radiance  Pois           #.......     65%         4    ###....
 Irradiate                Conj/Tmut      ##........   80%         5    #####..
 Venom Bolt               Conj/Pois      ##........   80%         5    #####..
 Hydra Form               Tmut           #.........   100%        6    ######.
 Statue Form              Tmut/Erth      #........    100%        6    ######.
 Dragon Form              Tmut           #.........   100%        7    #######


Dungeon Overview and Level Annotations

Branches:
Dungeon (12/15)            Temple (1/1) D:7            Lair (0/6) D:9
    Orc (0/2) D:11

Altars:
Ashenzari
Cheibriados
Dithmenos
Elyvilon
Fedhas
Gozag
Hepliaklqana
Kikubaaqudgha
Makhleb
Nemelex Xobeh
Okawaru
Qazlal
Ru
Sif Muna
Trog
Uskayaw
Vehumet
Wu Jian
Yredelemnul
Zin
The Shining One

Shops:
D:5 (   D:9 [

Annotations:
D:2 exclusion: downstairs
D:5 exclusion: downstairs
D:7 exclusion: downstairs
D:8 1 runed door
D:9 exclusion: 2 downstairs


Innate Abilities, Weirdness & Mutations

You are very small and have problems with some larger weapons.
You are too small for most types of armour.
You have supernaturally acute eyesight. (SInv)
You are a herbivore.
You cover ground extremely quickly.
You need to consume almost no food.
You have a pair of small antennae on your head.
You are resistant to hostile enchantments. (MR+)


Message History

The orc priest looks drowsy...
The orc warrior shouts!
An orc wizard comes into view. It is wielding a dagger.
An orc wizard comes into view. It is wielding a dagger.
A cyclops comes into view.
The cyclops shouts!
You hit the orc wizard.
The orc wizard is lightly wounded.
The orc priest shouts!
The orc wizard misses you.
The orc wizard gestures wildly while chanting.
The orc wizard blinks!
The orc priest invokes the aid of Beogh against you.
Beogh smites you!
The cyclops throws a large rock.
The large rock hits you!!
* * * LOW HITPOINT WARNING * * *
You see here a large rock.
There is a stone staircase leading up here.
The cyclops throws a large rock.
The large rock hits you!
You die...
Your body crumbles into a pile of gold.

≈≈≈P ≈≈≈≈≈
≈≈≈≈≈ ≈
≈≈≈♣♣♣
♣≈♣♣≈♣≈##
♣♣≈♣.....##
........@.#
..[.....(.#
..)....o..#
!......oo.#
$
....o.o...#
....(.....#
.C........#
..........#
#........##


You could see a cyclops, an orc warrior, an orc priest and 3 orc wizards.

Vanquished Creatures
  Harold (D:8)
  An unseen horror (D:10)
  An ugly thing (D:11)
  A cyclops (D:11)
  Psyche (D:8)
  2 komodo dragons
  A kobold demonologist (D:10)
  A troll (D:9)
  A merfolk (D:9)
  5 hippogriffs
  A shadow (D:11)
  3 yaks (D:10)
  A wyvern (D:8)
  Grum (D:8)
  A hungry ghost (D:8)
  A water moccasin (D:10)
  A necrophage (D:10)
  6 ice beasts
  5 orc warriors
  7 phantoms
  A sky beast (D:5)
  6 eyes of draining
  7 ogres
  4 wolves
  A centaur (D:8)
  A big kobold (D:5)
  2 water moccasin zombies (D:9)
  6 bullfrogs
  3 scorpions
  6 killer bees (D:9)
  11 wights
  A howler monkey (D:6)
  4 centaur zombies
  A quasit (D:5)
  5 crimson imps
  6 hounds
  4 jellies
  5 orc priests
  4 centaur skeletons
  14 orc wizards
  6 iguanas
  Jessica (D:2)
  Terence (D:2)
  Natasha (D:2)
  11 worker ants
  A killer bee zombie (D:5)
  2 hound zombies
  A worker ant zombie (D:8)
  13 gnolls
  18 adders
  3 shadow imps
  3 oozes
  5 worms
  4 dart slugs
  2 leopard geckos
  48 orcs
  A ball python (D:2)
  7 giant cockroaches
  9 hobgoblins
  12 jackals
  9 kobolds
  7 quokkas
  11 bats
  12 frilled lizards
  11 goblins
  2 jackal skeletons (D:4)
  A leopard gecko skeleton (D:5)
  A leopard gecko zombie (D:5)
  A quokka skeleton (D:5)
  2 quokka zombies
  6 rats
  A plant (D:9)
347 creatures vanquished.

Vanquished Creatures (others)
  A plant (D:9)
1 creature vanquished.

Grand Total: 348 creatures vanquished

Notes
Turn   | Place    | Note
-------+----------+-------------------------------------------
     0 | D:1      | Moar the Spriggan Enchanter began the quest for the Orb.
     0 | D:1      | Reached XP level 1. HP: 9/9 MP: 5/5
   378 | D:1      | Reached XP level 2. HP: 8/13 MP: 6/6
   401 | D:1      | Learned a level 2 spell: Ensorcelled Hibernation
  1007 | D:1      | Reached XP level 3. HP: 16/16 MP: 8/8
  1148 | D:2      | Noticed Jessica
  1192 | D:2      | Killed Jessica
  1256 | D:2      | Reached XP level 4. HP: 21/21 MP: 7/10
  1651 | D:2      | Noticed Terence
  1667 | D:2      | Killed Terence
  1667 | D:2      | Reached skill level 5 in Stealth
  1667 | D:2      | Reached skill level 5 in Hexes
  1667 | D:2      | Reached skill level 1 in Ice Magic
  1825 | D:2      | Noticed Natasha
  1840 | D:2      | Killed Natasha
  1840 | D:2      | Reached XP level 5. HP: 12/24 MP: 8/12
  2045 | D:2      | Found an iron altar of Okawaru.
  2263 | D:3      | Learned a level 3 spell: Confuse
  2352 | D:3      | Found a snail-covered altar of Cheibriados.
  2484 | D:3      | Found a faded altar of an unknown god.
  3073 | D:3      | Reached XP level 6. HP: 26/28 MP: 7/13
  3383 | D:3      | Found a sacrificial altar of Ru.
  3896 | D:4      | Found a bloodstained altar of Trog.
  3975 | D:4      | Reached skill level 6 in Stealth
  4300 | D:4      | Noticed an ice beast
  4386 | D:4      | Reached XP level 7. HP: 25/32 MP: 10/15
  4424 | D:4      | Noticed a hippogriff
  4728 | D:4      | HP: 1/32 [hippogriff (8)]
  4730 | D:4      | Killed a hippogriff
  4730 | D:4      | Reached skill level 7 in Stealth
  4730 | D:4      | Reached skill level 5 in Spellcasting
  5591 | D:4      | Reached XP level 8. HP: 36/36 MP: 11/17
  5971 | D:5      | Entered Level 5 of the Dungeon
  6295 | D:5      | Learned a level 3 spell: Conjure Flame
  7087 | D:5      | Found Eraaxez's Antique Weapon Emporium.
  7905 | D:6      | Reached XP level 9. HP: 39/39 MP: 18/21
  8165 | D:6      | Found a glowing golden altar of the Shining One.
  8165 | D:6      | Found a stormy altar of Qazlal.
  8595 | D:6      | Reached skill level 5 in Short Blades
  8870 | D:6      | Found a shadowy altar of Dithmenos.
  9165 | D:6      | Reached skill level 1 in Shields
  9696 | D:7      | Found a staircase to the Ecumenical Temple.
  9787 | Temple   | Entered the Ecumenical Temple
  9967 | Temple   | Became a worshipper of Gozag Ym Sagoz the Greedy
 10531 | D:8      | Noticed Psyche
 10537 | D:8      | Killed Psyche
 10764 | D:8      | Reached skill level 5 in Shields
 10981 | D:8      | Noticed Grum
 10993 | D:8      | Killed Grum
 10996 | D:8      | Reached XP level 10. HP: 26/44 MP: 15/22
 11834 | D:8      | Found a blossoming altar of Fedhas.
 12081 | D:8      | Noticed Harold
 12099 | D:8      | Killed Harold
 12099 | D:8      | Reached skill level 1 in Fighting
 12307 | D:8      | Found a runed door.
 12307 | D:8      | Noticed a cyclops
 12307 | D:8      | Noticed a great orb of eyes
 12307 | D:8      | Noticed a harpy
 12311 | D:8      | Noticed a great orb of eyes
 12311 | D:8      | Noticed a five-headed hydra
 12311 | D:8      | Noticed a centaur warrior
 12311 | D:8      | Noticed an orc knight
 12520 | D:8      | Found an ornate altar of the Wu Jian Council.
 12520 | D:8      | Found an ancient bone altar of Kikubaaqudgha.
 12620 | D:9      | Found Xeaw's Armour Boutique.
 12625 | D:9      | Bought a +0 cloak of magic resistance for 149 gold pieces
 12680 | D:9      | Reached skill level 1 in Conjurations
 13134 | D:9      | Reached skill level 1 in Fire Magic
 13201 | D:9      | Found a staircase to the Lair.
 13427 | D:9      | Reached skill level 8 in Stealth
 13809 | D:9      | Reached XP level 11. HP: 49/49 MP: 21/24
 14209 | D:9      | Gained mutation: Your magical capacity is low. (-10% MP)
                  | [potion of mutation]
 14209 | D:9      | Gained mutation: You are partially covered in large bone
                  | plates. (SH +4) [potion of mutation]
 14210 | D:9      | Lost mutation: Your magical capacity is low. (-10% MP)
                  | [potion of mutation]
 14210 | D:9      | Lost mutation: You are partially covered in large bone
                  | plates. (SH +4) [potion of mutation]
 14210 | D:9      | Gained mutation: You are resistant to hostile enchantments.
                  | (MR+) [potion of mutation]
 14210 | D:9      | Gained mutation: You have a pair of small antennae on your
                  | head. [potion of mutation]
 14218 | D:10     | Entered Level 10 of the Dungeon
 14582 | D:10     | Reached skill level 9 in Stealth
 15195 | D:10     | Noticed an unseen horror
 15205 | D:10     | Killed an unseen horror
 15280 | D:10     | Reached skill level 10 in Stealth
 15669 | D:11     | Noticed a cyan ugly thing
 15693 | D:11     | Killed a cyan ugly thing
 15693 | D:11     | Reached skill level 1 in Evocations
 15922 | D:11     | Learned a level 1 spell: Apportation
 15925 | D:11     | Learned a level 2 spell: Poisonous Vapours
 16317 | D:11     | Found a staircase to the Orcish Mines.
 16593 | D:12     | Hit by a large rock thrown by a cyclops

Skill      XL: |  1  2  3  4  5  6  7  8  9 10 11 |
---------------+----------------------------------+-----
Hexes          | 4 5 6 9 |  9.4
Spellcasting   | 3 4 5 7 8 9 |  9.4
Short Blades   | 2 3 4 5 6 7 |  7.5
Stealth        | 5 6 7 8 10 | 10.9
Ice Magic      | 1 2 3 4 |  4.0
Shields        | 5 7 |  7.2
Fighting       | 1 2 |  2.3
Conjurations   | 1 3 |  3.0
Fire Magic     | 1 3 |  3.5
Evocations     | 2 |  2.8
Dodging        | |  3.6

Action                   |  1- 3 |  4- 6 |  7- 9 | 10-12 || total
-------------------------+-------+-------+-------+-------++-------
Melee: Dagger            |   113 |   277 |   495 |    62 ||   947
       War axe           |       |       |    25 |       ||    25
       Short sword       |       |       |       |   344 ||   344
Throw: Tomahawk          |       |       |       |     2 ||     2
 Cast: Corona            |     1 |       |       |       ||     1
       Ensorcelled Hiber |     7 |    55 |    93 |   105 ||   260
       Confuse           |       |       |    22 |    39 ||    61
Evoke: Wand              |       |       |       |     2 ||     2
  Use: Scroll            |       |       |     8 |    12 ||    20
       Potion            |       |       |       |     2 ||     2
 Stab: Sleeping          |    16 |    29 |    62 |    76 ||   183
       Distracted        |       |     1 |       |     1 ||     2
       Confused          |       |       |    20 |    20 ||    40
  Eat: Ration            |       |     2 |     4 |     3 ||     9
Armor: Robe              |     7 |    15 |    27 |    28 ||    77
Dodge: Dodged            |    80 |   152 |   256 |   161 ||   649
Block: Buckler           |       |       |    23 |    60 ||    83
